[Event "12th National Amateur Chess-ch 2025"]
[Site "Bihar"]
[Date "2025.03.26"]
[Round "2.1"]
[White "Sahoo Stitaprangya"]
[Black "Anadkat Kartavya"]
[Result "0-1"]
[Annotator "TA"]
[ECO "C54"]
[WhiteElo "1812"]
[BlackElo "2175"]
[PlyCount "52"]
[EventDate "2025.03.25"]
[EventCountry "IND"]
[SourceTitle "playchess.com"]
[Source "ChessBase"]
[SourceQuality "1"]
[TimeControl "5400+30"]

1. e4 e5 2. Nf3 Nc6 3. Bc4 Bc5 4. c3 Nf6 5. d3 d6 6. O-O a6 7. b4 {[%emt 0:04:15] 7.Re1 is the recent fashion.} Ba7 8. Nbd2 {[%emt 0:01:40] C54: Giuoco Piano: 4 c3 Nf6, main lines with 5 d4 and 5 d3.} h6 9. a4 Ne7 10. Qb3 {[%emt 0:03:07] The position is equal.} O-O 11. Re1 {[%emt 0:08:12] [#]} (11. d4 $11 {remains equal.}) 11... b5 $1 $17 12. axb5 axb5 13. Bxf7+ $146 (13. Ra3 bxc4 14. Qa2 Bxf2+ 15. Kxf2 Rxa3 16. Qxa3 cxd3 17. c4 Be6 18. Qxd3 Qb8 19. Qc3 {0-1 Kovalskyi,R (1815)-Zvolensky,D (2159) CZE-ch Amateur 2022 (2)}) 13... Rxf7 $19 14. Bb2 Bd7 15. d4 Ng6 16. c4 Bxd4 17. Bxd4 exd4 18. Rxa8 Qxa8 19. Nxd4 bxc4 20. Qxc4 d5 21. Qxc7 Nxe4 22. Nxe4 dxe4 23. Qc2 Kh7 24. b5 Qd5 25. Rxe4 (25. Qb3 Qxb3 26. Nxb3) 25... Bf5 26. Nxf5 {[%emt 0:00:38] [#]} Rc7 $3 {[%emt 0:00:03][%mdl 512] White got outplayed after the opening.   Weighted Error Value: White=0.68/Black=0.15 (very precise)   Loses game:     	White=1     	---        Mistake:       	White=2     	---        OK:         	White=6     	Black=5      Best:        	---       	Black=1      Brilliant:      	---       	Black=1} 0-1

[Event "12th National Amateur Chess-ch 2025"]
[Site "Bihar"]
[Date "2025.03.26"]
[Round "2.2"]
[White "Shreyas"]
[Black "Daksh Goyal"]
[Result "1-0"]
[Annotator "TA"]
[ECO "E04"]
[WhiteElo "1798"]
[BlackElo "2079"]
[PlyCount "123"]
[EventDate "2025.03.25"]
[EventCountry "IND"]
[SourceTitle "playchess.com"]
[Source "ChessBase"]
[SourceQuality "1"]
[TimeControl "5400+30"]

1. Nf3 d5 2. g3 c5 3. Bg2 Nc6 4. d4 e6 5. O-O Nf6 6. c4 dxc4 7. dxc5 Qxd1 8. Rxd1 Bxc5 9. Nbd2 c3 10. bxc3 O-O {[%emt 0:04:37] E04: Open Catalan: 5 Nf3.} 11. Ne1 Rd8 12. Nd3 Be7 {[%emt 0:02:15] The position is equal.} 13. Nb3 {[%emt 0:18:17] has lost popularity (13.Rb1).} Nd5 14. Bb2 b5 $146 (14... Nb6 $11) (14... Nb6 15. Bxc6 bxc6 16. Na5 Bd7 17. Ne5 Bf6 18. Nxd7 Rxd7 19. Rxd7 Nxd7 20. Nxc6 Nb6 {1-0 Chigaev,M (2624)-Yuan,Q (2341) Titled Tuesday intern op 10th Sep Late blitz 2024 (3)}) 15. Nf4 $16 Rb8 (15... Nxf4 $2 16. Rxd8+ Nxd8 (16... Bxd8 $2 17. gxf4 Rb8 18. Bxc6 $18) 17. Bxa8 $18) 16. Nxd5 (16. Bxd5 $6 exd5 17. Nxd5 Bf8 $11) 16... exd5 17. Rxd5 Be6 18. Rxd8+ Nxd8 19. Nd4 Bc4 20. e3 Bf6 (20... Rb6 $142) 21. Ba3 Rb6 22. Bf1 ({White should try} 22. Bc5 Ra6 23. a3) 22... Bxf1 23. Kxf1 g6 (23... Ra6 $16 24. Bc1 (24. Nxb5 Ra5 $17) 24... Ra5) 24. Bc5 $18 Rb7 25. a4 $36 {[%emt 0:01:39][%mdl 2048] White is in control.} Ne6 26. Bb4 bxa4 27. Rxa4 Nc7 (27... Bd8 $142 28. Nxe6 fxe6) 28. Ra5 a6 29. Ke2 Bd8 30. Ra4 Rb6 31. Kd3 g5 $2 {[%emt 0:00:33] [#]} (31... Ne6 32. c4 a5) 32. Ba5 Rb2 33. Rc4 Rb7 34. Rc6 Ra7 (34... Kf8 $142 35. c4 g4) 35. Bb6 Rb7 36. Bxc7 Bxc7 37. Rxa6 {[%emt 0:00:04][%mdl 4096] Endgame KRB-KRN. White is two pawns up.} Rb2 38. Nf5 h5 39. Ra8+ Kh7 40. Ra7 Rxf2 41. Ke4 {[%emt 0:00:24] Prevents Be5.} Bb6 42. Ra6 Bd8 43. Rh6+ Kg8 44. Rxh5 Bf6 45. Nh6+ Kg7 46. Ng4 Rg2 47. Nxf6 Kxf6 {[%emt 0:00:01] KR-KR. White is two pawns up.} 48. h4 gxh4 (48... Rxg3 $142 49. Rxg5 Rh3) 49. gxh4 Ke6 50. Rg5 {[%emt 0:00:49] Prevents Rg4+.} Rh2 51. Rh5 (51. Re5+ $18 Kd7 52. Rh5) 51... Rd2 $2 (51... Rg2 $1 $11 {and Black stays safe.} 52. c4 Rg4+ 53. Kd3 Rg1) 52. c4 f6 (52... Rc2 {keeps fighting.} 53. Rh6+ f6) 53. c5 Rd8 (53... Rd1 $142 54. Kf3 Rf1+ 55. Ke2 Rh1) 54. c6 {[%emt 0:00:22] [#]} Rc8 55. Rc5 {[%emt 0:00:03] Strongly threatening c7.} Kd6 56. Rc4 (56. Rf5 Kxc6 57. Rxf6+ Kd7 $16) 56... Rc7 57. Kf5 {[%emt 0:00:26] White mates.} Ke7 58. h5 Kf7 59. h6 Kf8 60. Ke6 Ke8 61. h7 Re7+ 62. Kd6 {[%emt 0:00:21] Weighted Error Value: White=0.16 (very precise) /Black=0.69  Loses game:     	---       	Black=1      Missed win:     	White=1     	---        Mistake:       	White=1     	Black=9      Inaccurate:     	---       	Black=2      OK:         	White=21    	Black=14     Best:        	White=3     	Black=1} 1-0

[Event "12th National Amateur Chess-ch 2025"]
[Site "Bihar"]
[Date "2025.03.26"]
[Round "2.3"]
[White "Sree Veeramani P"]
[Black "Reyan"]
[Result "0-1"]
[Annotator "TA"]
[ECO "B95"]
[WhiteElo "1796"]
[BlackElo "2005"]
[PlyCount "88"]
[EventDate "2025.03.25"]
[EventCountry "IND"]
[SourceTitle "playchess.com"]
[Source "ChessBase"]
[SourceQuality "1"]
[TimeControl "5400+30"]

1. e4 c5 2. Nf3 d6 3. d4 cxd4 4. Nxd4 Nf6 5. Nc3 a6 6. Bg5 Nbd7 7. Qd2 e6 8. Bc4 {[%emt 0:00:36] B95: Sicilian Najdorf: 6 Bg5 e6, unusual White 7th moves.} b5 {[%emt 0:04:08] [#]} (8... h6 $11 9. Bxf6 Nxf6) 9. Bxe6 $1 $16 fxe6 10. Nxe6 {[%emt 0:00:01] White is better.} Qb6 11. Nd5 Nxd5 12. Qxd5 {[%emt 0:00:02] Threatening mate with Nc7+.} Nb8 {[%emt 0:15:22] [#]} 13. Qxa8 $146 {[%emt 0:03:15] A sharp opening} ({White should try} 13. a4 $1 $16 ) ({Predecessor:} 13. Nxf8 Rxf8 14. Qxa8 Qxf2+ 15. Kd1 Qxg2 16. Re1 Qg4+ 17. Kc1 Qxg5+ 18. Kb1 Qe3 19. Rd1 {0-1 Gorovykh,E (2391)-Duzhakov,I (2304) Peterhof 2009 (7)}) 13... Bxe6 $14 14. Be3 $1 Qd8 15. O-O-O (15. a4 $14 b4 16. Qb7) 15... Be7 $132 {[%emt 0:04:12][%cal Oe8g8][%mdl 2048] Black is not keeping still} (15... Bxa2 $2 {is the wrong capture.} 16. b3 $18) 16. e5 d5 ({Much weaker is} 16... Bxa2 $6 17. b3 $18) 17. f4 O-O {[%emt 0:02:17][%mdl 1024] [#] Black has compensation.} 18. g4 $2 {[%emt 0:00:01] White is now going downhill.} Bxg4 $19 19. Rd2 Bf3 20. Rg1 Qc7 21. Bd4 Bc5 {[%emt 0:14:02] This pair of bishops is nice.} (21... Rxf4 22. Rd3 Rxd4 23. Rxf3 Qxe5 24. Rff1 $19) 22. Rg3 (22. Bxc5 $142 Qxc5 23. Rg3) 22... Nc6 (22... Rxf4 23. Bxc5 Qxe5 24. Rg1 $18) 23. Qxf8+ Bxf8 24. Rxf3 Qa5 25. a3 b4 26. a4 Qxa4 27. b3 Qa5 28. Bb2 {[%emt 0:00:13] [#]} d4 $1 29. Kb1 (29. Rfd3 Qa2) 29... Qd5 30. Rfd3 Bc5 31. Rg3 Na7 32. Rdg2 Bf8 33. Rd2 Nb5 34. Rgd3 Bc5 35. Rd1 Qe4 {[%emt 0:01:43] Wards off Re1} 36. Rf1 Nc3+ 37. Bxc3 bxc3 38. Rg3 Qd5 {[%emt 0:00:54] Threatens to win with ...Bf8.} 39. Kc1 Qe4 $2 (39... Kf7 $19 40. Kb1 Qe4) 40. Kd1 $2 (40. Kb1 $11 a5 41. Kc1) 40... Be7 41. Kc1 Bh4 42. Rd3 Be1 43. Kd1 Bd2 44. Rdf3 Be3 {[%emt 0:02:03] Weighted Error Value: White=0.41/Black=0.12 (very precise)   Loses game:     	White=2     	---        Mistake:       	White=3     	Black=1      Inaccurate:     	White=2     	Black=1      OK:         	White=5     	Black=14     Best:        	White=1     	Black=4      Strong:       	White=1     	---        Brilliant:      	White=1     	---} 0-1

[Event "12th National Amateur Chess-ch 2025"]
[Site "Bihar"]
[Date "2025.03.26"]
[Round "2.4"]
[White "Mani, Sarbartho"]
[Black "Ayaan Garg"]
[Result "0-1"]
[Annotator "TA"]
[ECO "B19"]
[WhiteElo "1791"]
[BlackElo "1983"]
[PlyCount "75"]
[EventDate "2025.03.25"]
[EventCountry "IND"]
[SourceTitle "playchess.com"]
[Source "ChessBase"]
[SourceQuality "1"]
[TimeControl "5400+30"]

1. e4 c6 2. d4 d5 3. Nd2 dxe4 4. Nxe4 Bf5 5. Ng3 Bg6 6. h4 h6 7. Nf3 Nd7 8. h5 Bh7 9. Bd3 Bxd3 10. Qxd3 Ngf6 11. Bd2 e6 12. O-O-O Qc7 13. Ne4 O-O-O 14. Nxf6 Nxf6 15. Qe2 Bd6 16. Kb1 {[%emt 0:02:03] B19: Classical Caro-Kann: 4...Bf5 main line.} Rhe8 17. Be3 $146 (17. c4 c5 18. Bc3 Qc6 19. Rh4 cxd4 20. Bxd4 Bc7 21. Ne5 Qxg2 22. Nxf7 e5 23. Nxd8 exd4 {0-1 Anwesh,U (2350)-Petkov,M (2496) Sitges Sunway op 10th 2023 (10)}) 17... Qa5 18. c4 {[%emt 0:02:45][%cal Of3e5] The position is equal.} Qf5+ 19. Ka1 Kb8 (19... Bc7 $15) 20. Ne5 $11 Nd7 (20... Bxe5 $11 21. dxe5 Ng4) 21. Nxd7+ (21. g4 $14 Qf6 22. f4) 21... Rxd7 {[%emt 0:00:50] [#]} 22. d5 $1 c5 (22... cxd5 23. cxd5) 23. dxe6 Qxe6 24. Rd5 b6 25. Rhd1 Red8 26. Qd3 Kc8 27. a3 Be5 28. Ka2 (28. Rxd7 {simplifies} Rxd7 29. Qxd7+ Qxd7 30. Rxd7 Kxd7 31. Ka2) 28... Bd4 29. Bxd4 (29. Rxd7 $11 {keeps the balance.} Rxd7 30. Qc2) 29... Rxd5 $17 30. cxd5 Rxd5 {[%emt 0:04:53] Black has a queen side majority} 31. Qc4 {[%emt 0:01:06] [#]} b5 $1 (31... Rxh5 $2 32. Qxe6+ fxe6 33. Bxg7 $18) 32. Qb3 Rxd4 {[%emt 0:00:13] Black is clearly better.} ({Resist} 32... cxd4 33. Ka1 $17) 33. Qxe6+ fxe6 {[%emt 0:00:03] KR-KR. Black is a pawn up.} 34. Re1 (34. Rc1 $17 {might work better.} c4 35. Rc3) 34... Kd7 $19 35. Re3 Rg4 36. Rd3+ Ke7 37. g3 (37. Rc3 $142) 37... Rg5 38. Ka1 {[%emt 0:00:05] Weighted Error Value: White=0.22 (precise) /Black=0.10 (very precise)   Mistake:       	White=4     	Black=2      Inaccurate:     	White=3     	---        OK:         	White=6     	Black=10     Best:        	---       	Black=2      Strong:       	---       	Black=1} 0-1

[Event "12th National Amateur Chess-ch 2025"]
[Site "Bihar"]
[Date "2025.03.26"]
[Round "2.5"]
[White "Ebenezer, Joseph"]
[Black "Shubham Shukla"]
[Result "1/2-1/2"]
[Annotator "TA"]
[ECO "B23"]
[WhiteElo "1961"]
[BlackElo "1825"]
[PlyCount "131"]
[EventDate "2025.03.25"]
[EventCountry "IND"]
[SourceTitle "playchess.com"]
[Source "ChessBase"]
[SourceQuality "1"]
[TimeControl "5400+30"]

1. e4 c5 2. Nc3 e6 3. g3 h5 4. h4 Nc6 5. Bg2 a6 6. a4 $146 {[%emt 0:01:10] B23: Closed Sicilian: Lines without g3.} (6. d3 Qc7 7. Be3 Nf6 8. Nf3 b5 9. O-O Bb7 10. Re1 Rc8 11. Qd2 Be7 12. Rad1 {1-0 Negron Lizarazo,J (1456)-Moreno Marino,J (1901) COL-ch Boyaca 2022 (6)}) 6... Nf6 7. d3 d6 8. Nh3 (8. Nf3 $14) 8... Be7 9. O-O Rb8 10. Bg5 b5 11. axb5 axb5 12. Nf4 b4 13. Nb1 e5 14. Bxf6 exf4 15. Bxg7 Rh7 {[%emt 0:00:24] [#] Black sacrificed a pawn} 16. e5 $1 Nd4 {[%emt 0:00:16] aiming for ...Bg4.} 17. exd6 $1 Qxd6 (17... Rxg7 18. dxe7 Qxe7 19. Re1 $16 (19. Qxh5 fxg3 20. Nd2 Ne2+ 21. Kh1 Rg4 $11)) 18. Bxd4 cxd4 19. Nd2 fxg3 20. Ne4 gxf2+ 21. Rxf2 Qg6 (21... Qh6 $1 $11) 22. Qf3 Be6 $2 (22... Bb7 $16 {was necessary.}) 23. Qf4 $2 (23. Ng5 $18 {and the rest is easy.} Bxg5 24. hxg5) 23... Rd8 $16 24. Ra7 {[%emt 0:00:24] White attacks} (24. Ng5 $16 Rg7 25. Ra5) 24... f5 $1 $14 25. Qg3 (25. Ng5 $2 Bxg5 26. hxg5 Rxa7 $19) 25... Rg7 {[%emt 0:20:23] [#]} (25... Qxg3 $11 {remains equal.} 26. Nxg3 Rg7 27. Nxh5 (27. Nxf5 Bxf5 28. Rxf5 Rc8 $16) 27... Rg4) 26. Ng5 $1 $16 {[%emt 0:00:49][%mdl 512] Really sharp! White has more active pieces.} Bxg5 27. Rxg7 Qxg7 28. hxg5 (28. Qxg5 Qxg5 29. hxg5 Kf7 $19) 28... Kf7 29. Re2 Qg6 30. Bf3 Kg8 31. Rh2 f4 32. Qxf4 Rf8 33. Qe4 (33. Bxh5 $16 {Qxf8+ is the strong threat.} Qf5 34. Qxf5 (34. Qxd4 $2 Qf1#) 34... Rxf5 35. Kg2) 33... Rf5 (33... Qxg5+ $2 {is the wrong capture.} 34. Rg2 Bg4 35. Bxg4 Qe3+ 36. Qxe3 dxe3 37. Bxh5+ Kh7 38. Bg6+ Kh6 39. Be4 $18) (33... Qxe4 $14 34. Bxe4 Bg4) 34. Bxh5 $2 (34. Rxh5 $18 b3 (34... Bd5 35. Qxd4 Rxg5+ 36. Rxg5 $18) 35. cxb3 Rxg5+ (35... Bd5 $2 36. Qxd4 Rxg5+ 37. Rxg5 $16) 36. Kf2) 34... Rxg5+ $14 35. Rg2 (35. Qg2 {simplifies} Rxg2+ 36. Rxg2 Qxg2+ 37. Kxg2 Bf5 38. Kg3) 35... Qf6 36. Rxg5+ Qxg5+ 37. Qg2 Qxg2+ 38. Kxg2 {[%emt 0:00:00][%mdl 4096] Endgame KB-KB. White is a pawn up.} Bf5 39. Kf3 Kg7 $1 40. Kf4 Kf6 41. Bg4 Bg6 42. Bf3 Bf5 43. Be4 Bd7 44. Bh7 Bc6 45. Bf5 Bb7 46. Be4 Bc8 47. Bd5 Bf5 48. Bc4 Bg6 49. Bb5 Bf5 50. Bc6 Bg6 51. Bd5 Bf5 $1 52. Bc6 Bg6 $1 53. Bd7 {[%emt 0:00:17] Wards off Bf5} ({Better is} 53. Bb7 $16) 53... b3 $1 $11 54. cxb3 Bxd3 {[%emt 0:00:02] The position is equal.} 55. b4 Ke7 $1 56. Bc6 Kd6 57. Be4 Be2 58. Kg3 Kc7 59. Kf2 Bc4 60. Bg6 Kb6 61. Be8 Be6 62. Ke1 Bd5 63. Kd2 Bc6 64. Bxc6 Kxc6 65. Kc2 (65. Kd3 $5 Kb5 $8 66. Ke2 $11) 65... Kb6 66. Kd3 {[%emt 0:01:14] White really could win this.   Weighted Error Value: White=0.21 (precise) /Black=0.16 (very precise)   Loses game:     	---       	Black=2      Missed win:     	White=1     	---        Mistake:       	White=5     	Black=2      Inaccurate:     	White=2     	Black=2      OK:         	White=24    	Black=25     Best:        	White=2     	Black=5      Strong:       	White=2     	Black=6} 1/2-1/2

[Event "12th National Amateur Chess-ch 2025"]
[Site "Bihar"]
[Date "2025.03.26"]
[Round "2.6"]
[White "Ashutosh, Kumar"]
[Black "Aaradhya Jain"]
[Result "0-1"]
[Annotator "TA"]
[ECO "C11"]
[WhiteElo "1923"]
[BlackElo "1820"]
[PlyCount "80"]
[EventDate "2025.03.25"]
[EventCountry "IND"]
[SourceTitle "playchess.com"]
[Source "ChessBase"]
[SourceQuality "1"]
[TimeControl "5400+30"]

1. e4 e6 2. d4 d5 3. Nc3 Nf6 4. e5 Nfd7 5. f4 c5 6. Nf3 Nc6 7. Be3 Be7 8. Qd2 O-O 9. dxc5 Bxc5 10. O-O-O Qa5 11. Bxc5 Nxc5 12. Kb1 {[%emt 0:00:56] C11: French: Classical System: 4 e5 and 4 Bg5 dxe4.} Rb8 13. Bd3 (13. Qe3 $14) 13... b5 14. Bxh7+ $146 {[%emt 0:12:42] The position is equal.} (14. Ne2 b4 15. Nc1 Ba6 16. Nb3 Nxb3 17. cxb3 Bxd3+ 18. Qxd3 Rb6 19. Ka1 Ra6 20. Qb1 {1-0 Maghsoodloo,P (2701)-Mokshanov,A (2429) Titled Tuesday intern op 18th Jan blitz 2022 (3)}) 14... Kxh7 15. Qf2 b4 16. Qh4+ Kg8 17. Ng5 $1 Re8 $1 18. Qh7+ Kf8 19. Ne2 {[%emt 0:15:36] [#]} (19. Qh5 $1 $11 {and White has nothing to worry.} Rb7 (19... bxc3 20. Qxf7#) 20. Ne2 (20. Qh8+ $2 Ke7 $19)) 19... Ba6 (19... Na4 $1 $19 {[%cal Ra4c3] and Black stays clearly on top. and ...Nc3+! should not be overlooked} 20. Qh5 Ke7 21. Qxf7+ Kd8) 20. Nc1 $17 Na4 21. Qh5 Rb7 22. Qh8+ (22. f5 $1 $15 Nc3+ (22... exf5 23. Qh8+ Ke7 24. Qxg7 $16) 23. Ka1 (23. bxc3 $2 bxc3+ 24. Ka1 Qa3 $19) 23... Nxe5 (23... Nxd1 24. f6 gxf6 25. exf6) 24. fxe6) 22... Ke7 23. Qxg7 {[%emt 0:00:32] [#]} Nc3+ $1 24. Ka1 Nxd1 25. Nxf7 $2 {[%emt 0:06:45][%mdl 8192] White does not recover from this.} (25. Rxd1 $17 {is tougher.} Kd8 26. Nxf7+ Kc7 27. Nd6+ Re7 28. Qf6) 25... Ne3 (25... Nf2 $142 26. f5 Nxh1 27. fxe6 Nxe5 (27... Kxe6 $2 {loses.} 28. Qf6+ Kd7 29. Qd6+ Kc8 30. Qxc6+ Rc7 31. Qxe8+ Kb7 32. Nd6+ Kb6 33. Nb3 $18) 28. Nxe5+ Kxe6 (28... Kd6 29. Nf7+ Kxe6 30. Ng5+ Kf5 31. g4+ Kxg4 32. Nf7+ Kh3 33. Qh6+ Kg2 34. Ng5 $19) 29. Qg6+ Kxe5 30. Qxe8+ Kd6 31. Qg6+ Kc7) 26. Nb3 $2 (26. Nd6+ Kd8 27. Nxb7+ Bxb7 28. Qxb7) 26... Qb6 $19 {[%emt 0:01:05][%cal Oe7d7] Black is clearly winning.} 27. Kb1 Nf5 28. Qh7 Kf8 29. Qh8+ Kxf7 30. Qf6+ Kg8 31. Qg6+ Ng7 32. h4 Qc7 33. h5 Qf7 34. Qg3 Kh8 35. Qf2 Nxe5 36. h6 Nh5 37. Rh4 Ng6 38. Rxh5 Qxf4 39. Qc5 Rc7 40. Qg1 Qf1+ {[%emt 0:01:57] Weighted Error Value: White=0.91/Black=0.45  Loses game:     	White=2     	---        Missed win:     	---       	Black=1      Mistake:       	White=3     	Black=2      Inaccurate:     	---       	Black=2      OK:         	White=4     	Black=2      Best:        	White=1     	Black=2      Strong:       	White=1     	Black=1} 0-1

[Event "12th National Amateur Chess-ch 2025"]
[Site "Bihar"]
[Date "2025.03.26"]
[Round "2.7"]
[White "Ayushman Mohanty"]
[Black "Vijay, Kumar"]
[Result "1-0"]
[Annotator "TA"]
[ECO "B73"]
[WhiteElo "1827"]
[BlackElo "1919"]
[PlyCount "45"]
[EventDate "2025.03.25"]
[EventCountry "IND"]
[SourceTitle "playchess.com"]
[Source "ChessBase"]
[SourceQuality "1"]
[TimeControl "5400+30"]

1. e4 c5 2. Nf3 d6 3. d4 cxd4 4. Nxd4 Nf6 5. Nc3 g6 6. Be2 Nc6 7. O-O Bg7 8. Be3 O-O 9. Qd2 Ng4 10. Bxg4 Bxg4 11. Nd5 Rc8 12. Nxc6 $146 {[%emt 0:07:25] B73: Sicilian Dragon: Classical System without 9 Nb3.} (12. c4 $14) (12. c4 Bd7 13. b3 Bxd4 14. Bxd4 b5 15. cxb5 Nxd4 16. Qxd4 Bxb5 17. Qxa7 Ra8 18. Nxe7+ Kg7 19. Qd4+ f6 {1-0 Yu,Y (2751)-Lu,S (2625) CHN-chT China 2019 (12.6)}) 12... bxc6 $11 13. Nc3 Rb8 14. Rab1 {[%emt 0:02:26] The position is equal.} Rb7 15. Bh6 Qa5 16. Bxg7 Kxg7 17. f4 (17. b3 {simplifies} f6 18. f4 g5 19. f5) 17... Rfb8 18. f5 gxf5 {[%emt 0:07:30][%csl Oa7,Oh7] [#] Black has weak pawns} (18... Rxb2 19. Rxb2 Rxb2 20. h3) (18... Qc5+ $14 19. Kh1 Rxb2) 19. h3 $1 $16 {[%emt 0:03:05] The board is on fire.} (19. Qg5+ Kh8 $14) 19... Bh5 {[%emt 0:02:21] [#]} (19... Rxb2 $16 20. Rxb2 (20. hxg4 Qc5+ 21. Kh2 Qe5+ 22. Kh1 Rxb1 $16) 20... Rxb2) 20. Qg5+ $1 $18 {[%emt 0:02:03] White attacks} (20. Rxf5 Qb6+ 21. Kh1 Bg6 $17) 20... Bg6 {[%emt 0:00:09][%cal Oh7h6] ...h6! is the strong threat.} 21. exf5 {[%emt 0:00:47] Threatens to win with f6+.} Rxb2 $2 (21... Kh8) 22. f6+ exf6 23. Qxa5 {[%emt 0:00:10] Weighted Error Value: White=0.09 (flawless) /Black=0.79  Mistake:       	---       	Black=3      Inaccurate:     	---       	Black=1      OK:         	White=5     	Black=1      Best:        	White=2     	Black=1      Strong:       	White=2     	---} 1-0

[Event "12th National Amateur Chess-ch 2025"]
[Site "Bihar"]
[Date "2025.03.26"]
[Round "2.8"]
[White "Gurung Rohit"]
[Black "Harsh, Himanshu"]
[Result "1-0"]
[Annotator "TA"]
[ECO "C47"]
[WhiteElo "1902"]
[BlackElo "1803"]
[PlyCount "77"]
[EventDate "2025.03.25"]
[EventCountry "IND"]
[SourceTitle "playchess.com"]
[Source "ChessBase"]
[SourceQuality "1"]
[TimeControl "5400+30"]

1. e4 e5 2. Nf3 Nc6 3. Nc3 Nf6 4. d4 exd4 5. Nxd4 Bb4 6. Nxc6 bxc6 7. Bd3 d5 8. exd5 cxd5 9. O-O O-O 10. Bg5 c6 11. Na4 Bd6 12. c4 Be6 {[%emt 0:05:48] C47: Scotch Four Knights and Four Knights with 4 g3.} 13. c5 Bc7 14. Qf3 $146 (14. f4 h6 15. Bh4 Re8 16. Qf3 Rb8 17. a3 Kh8 18. Bc2 Bc8 19. Rfe1 Ba5 20. b4 {1-0 Zayas Gonzalez,L (2027)-Fernandez Rivero,K (1928) CUB-ch U18 Girls 2012 (9)}) 14... h6 {[%emt 0:00:46] The position is equal.} 15. Bxf6 Qxf6 16. Qxf6 gxf6 17. b4 Rfb8 18. Rab1 Bd7 19. Nc3 Be5 20. Ne2 a5 {[%emt 0:03:10] [#]} 21. b5 cxb5 22. f4 Bc7 23. Nc3 b4 24. Nxd5 Bd8 25. Rfc1 Bc6 26. Bc4 Ra7 27. Rb3 Rd7 28. Rg3+ ({White should play} 28. Rd3 $11) 28... Kf8 $1 $15 29. Ne3 {[%emt 0:02:34] [#]} (29. Rd3 $15) 29... Bc7 $1 $36 {[%emt 0:04:58][%mdl 2048] Black is really pushing.} 30. Rg4 Re8 $2 {[%emt 0:04:42] Black has strong rooks and is better} (30... Be4 $19 {and ...f5 would now be decisive} 31. Bb3 Rd3) 31. Nf5 $11 h5 32. Rh4 Rd2 33. Rxh5 Rxg2+ (33... Bxg2 34. Rh8#) 34. Kf1 Bxf4 {[%emt 0:04:20] A strong pair of Bishops.} 35. Rh8+ Rg8 36. Rh7 Re6 $2 {[%emt 0:11:32][%mdl 8192] [#]} ({Inferior is} 36... Bxc1 37. Rxf7#) (36... Re4 $11 37. Rxf7+ Ke8) 37. Rd1 $1 $18 Ke8 {[%emt 0:03:22] Against Rd8+} 38. Bxe6 fxe6 39. Re7+ {[%emt 0:00:31] Never resign too early!   Weighted Error Value: White=0.21 (precise) /Black=0.89  Loses game:     	---       	Black=1      Missed win:     	---       	Black=1      Mistake:       	White=2     	---        Inaccurate:     	---       	Black=3      OK:         	White=11    	Black=8      Best:        	White=3     	Black=1      Strong:       	White=1     	Black=2} 1-0

[Event "12th National Amateur Chess-ch 2025"]
[Site "Bihar"]
[Date "2025.03.26"]
[Round "2.10"]
[White "Vaibhav Sah"]
[Black "Shahan Abu Sayeed"]
[Result "1/2-1/2"]
[Annotator "NA RC"]
[ECO "C10"]
[WhiteElo "1549"]
[BlackElo "1691"]
[PlyCount "91"]
[EventDate "2025.03.25"]
[EventCountry "IND"]
[SourceTitle "playchess.com"]
[Source "ChessBase"]
[SourceQuality "1"]
[TimeControl "5400+30"]

1. e4 e6 2. d4 d5 3. Nc3 dxe4 4. Nxe4 Nd7 5. Nf3 Ngf6 6. Nxf6+ Nxf6 7. c3 c5 8. Be3 cxd4 9. Bxd4 Be7 10. Ne5 O-O 11. Bd3 Qc7 12. O-O Bc5 13. Bxc5 Qxc5 14. Re1 b6 15. Qf3 Rb8 16. Qh3 g6 17. Rad1 Bb7 18. Qh4 Kg7 19. Qxf6+ Kxf6 20. Nd7+ Kg7 21. Nxc5 bxc5 22. b4 Rfd8 23. Be2 cxb4 24. cxb4 Rbc8 25. f3 Rxd1 26. Bxd1 Rc1 27. Kf2 Bd5 28. a4 Rc4 29. b5 Rb4 30. Re2 f5 31. Rc2 Bc4 32. Be2 Bxe2 33. Kxe2 Rxa4 34. Rc7+ Kf6 35. Rxh7 Ke5 36. Rg7 Rb4 37. Rxa7 Rxb5 38. Rg7 Rb2+ 39. Kf1 Kf6 40. Ra7 e5 41. Ra5 e4 42. fxe4 fxe4 43. h4 Rc2 44. h5 gxh5 45. Rxh5 Ke6 46. Ra5 1/2-1/2

[Event "12th National Amateur Chess-ch 2025"]
[Site "Bihar"]
[Date "2025.03.26"]
[Round "2.11"]
[White "Akash Srivastav"]
[Black "Prayan"]
[Result "1-0"]
[Annotator "NA RC"]
[ECO "B50"]
[WhiteElo "1689"]
[BlackElo "1548"]
[PlyCount "65"]
[EventDate "2025.03.25"]
[EventCountry "IND"]
[SourceTitle "playchess.com"]
[Source "ChessBase"]
[SourceQuality "1"]
[TimeControl "5400+30"]

1. e4 c5 2. Nf3 d6 3. Bd3 Nc6 4. h3 Nf6 5. O-O e5 6. c3 Be7 7. Bc2 O-O 8. d4 cxd4 9. cxd4 exd4 10. Nxd4 Nxd4 11. Qxd4 Qb6 12. Qxb6 axb6 13. Nc3 Bd7 14. Be3 b5 15. a3 Bc6 16. f3 Rfd8 17. Rfd1 d5 18. Bb6 Rdc8 19. exd5 Nxd5 20. Rxd5 Bxd5 21. Nxd5 Rxc2 22. Nxe7+ Kf8 23. Nd5 Re8 24. Bd4 Rd8 25. Nb4 Re2 26. Kf1 Rd2 27. Bc3 R2d7 28. Kf2 f6 29. Re1 Kf7 30. Nc2 Rd3 31. Re4 Rc8 32. Nd4 b4 33. Bxb4 1-0